| TOP OF THE 1ST |
|
Albuquerque Dukes batting - Pitching for Amarillo Gold Sox : RHP Christopher DiLorenzo
|
|
Pitching: RHP Christopher DiLorenzo
|
|
|
Batting: RHB Jack Lopez
|
0-0: Swinging Strike 0-1: Foul Ball, location: 2F 0-2: Foul Ball, location: 2F 0-2: Ground out 4-3 (Groundball, 4, EV 100.6 MPH)
|
|
Batting: LHB John Elder
|
0-0: Ball 1-0: Called Strike 1-1: Swinging Strike 1-2: Ball 2-2: Strikes out looking
|
|
Batting: RHB James Oros
|
0-0: Called Strike 0-1: Foul Ball, location: 2F 0-2: Fly out, F9 (Line Drive, 9, EV 95.6 MPH)
|
| Top of the 1st over - 0 runs, 0 hits, 0 errors, 0 left on base; Albuquerque 0 - Amarillo 0 |
| BOTTOM OF THE 1ST |
|
Amarillo Gold Sox batting - Pitching for Albuquerque Dukes : RHP Peter Chapin
|
|
Pitching: RHP Peter Chapin
|
|
|
Batting: SHB Mike Felder
|
0-0: Ball 1-0: Ball 2-0: Called Strike 2-1: Ground out 4-3 (Groundball, 4, EV 78.1 MPH)
|
|
Batting: LHB Hector Arroyo
|
0-0: Ball 1-0: Ball 2-0: Foul Ball, location: 2F 2-1: Foul Ball, location: 2F 2-2: Foul Ball, location: 2F 2-2: Ball 3-2: Base on Balls
|
|
Batting: SHB Al Newman
|
0-0: Ball 1-0: Fly out, F8 (Flyball, 8RD, EV 95.0 MPH)
|
|
Batting: LHB Louie Meadows
|
0-0: Called Strike 0-1: Ball 1-1: Ground out 6-3 (Groundball, 6MD, EV 78.8 MPH)
|
| Bottom of the 1st over - 0 runs, 0 hits, 0 errors, 1 left on base; Albuquerque 0 - Amarillo 0 |
| TOP OF THE 2ND |
|
Albuquerque Dukes batting - Pitching for Amarillo Gold Sox : RHP Christopher DiLorenzo
|
|
Batting: LHB Dave Yobs
|
0-0: Ball 1-0: SINGLE (Flyball, 8LS, EV 98.1 MPH)
|
|
Batting: RHB Mark Maher
|
0-0: Ball 1-0: Ball 2-0: Called Strike 2-1: Foul Ball, location: 2F 2-2: Fly out, F9 (Flyball, 9S, EV 83.1 MPH)
|
|
Batting: LHB Andres Romero
|
0-0: Called Strike 0-1: Called Strike 0-2: Ball 1-2: Fly out, F8 (Flyball, 8LD, EV 91.9 MPH)
|
|
Batting: LHB Matthew Henderson
|
0-0: Called Strike 0-1: Ball 1-1: Ball 2-1: Foul Ball, location: 2F 2-2: Ground out U3 (Groundball, 3L, EV 106.9 MPH)
|
| Top of the 2nd over - 0 runs, 1 hit, 0 errors, 1 left on base; Albuquerque 0 - Amarillo 0 |
| BOTTOM OF THE 2ND |
|
Amarillo Gold Sox batting - Pitching for Albuquerque Dukes : RHP Peter Chapin
|
|
Batting: RHB Bill Pecota
|
0-0: SINGLE (Line Drive, 8RS, EV 100.0 MPH)
|
|
Batting: SHB Steve Jeltz
|
0-0: Ball 1-0: Called Strike 1-1: Ball 2-1: Swinging Strike 2-2: Foul Ball, location: 2F 2-2: Ball 3-2: Foul Ball, location: 2F 3-2: Foul Ball, location: 2F 3-2: Foul Ball, location: 2F 3-2: Foul Ball, location: 2F 3-2: Foul Ball, location: 2F 3-2: Fielders Choice at 2nd, 5-4 (Groundball, 5L, EV 88.8 MPH)
|
|
Batting: LHB Derwin McNealy
|
0-0: SINGLE (Groundball, 4MD, EV 108.1 MPH) Steve Jeltz to second
|
|
Batting: LHB Russ Laribee
|
0-0: Fielders Choice at 2nd, 4-6 (Groundball, 4, EV 81.9 MPH) Steve Jeltz to third
|
|
Batting: RHB Todd Smith
|
0-0: Called Strike 0-1: Fielders Choice at 2nd, 4-6 (Groundball, 4MD, EV 89.4 MPH)
|
| Bottom of the 2nd over - 0 runs, 2 hits, 0 errors, 2 left on base; Albuquerque 0 - Amarillo 0 |
| TOP OF THE 3RD |
|
Albuquerque Dukes batting - Pitching for Amarillo Gold Sox : RHP Christopher DiLorenzo
|
|
Batting: RHB Kevin Harvey
|
0-0: Swinging Strike 0-1: Ball 1-1: Ball 2-1: SINGLE (Line Drive, 8LM, EV 96.3 MPH)
|
|
Batting: LHB Sal Rende
|
0-0: Ball 1-0: Called Strike 1-1: SINGLE (Groundball, 25, EV 74.4 MPH) (infield hit) Kevin Harvey to second
|
|
Batting: RHB Jack Lopez
|
0-0: Swinging Strike 0-1: Fly out, F9 (Line Drive, 9, EV 85.0 MPH)
|
|
Batting: LHB John Elder
|
0-0: Ball Sal Rende steals 2nd base Kevin Harvey steals 3rd base 1-0: Ball 2-0: Called Strike 2-1: Foul Ball, location: 2F 2-2: Ball 3-2: Strikes out looking
|
|
Batting: RHB James Oros
|
0-0: Ball 1-0: Called Strike 1-1: Ball 2-1: Called Strike 2-2: Strikes out swinging
|
| Top of the 3rd over - 0 runs, 2 hits, 0 errors, 2 left on base; Albuquerque 0 - Amarillo 0 |
| BOTTOM OF THE 3RD |
|
Amarillo Gold Sox batting - Pitching for Albuquerque Dukes : RHP Peter Chapin
|
|
Batting: SHB Mike Felder
|
0-0: Ball 1-0: Called Strike 1-1: Foul Ball, location: 2F 1-2: Ball 2-2: Ground out 5-3 (Groundball, 56S, EV 70.6 MPH)
|
|
Batting: LHB Hector Arroyo
|
0-0: Ball 1-0: Called Strike 1-1: Fly out, F6 (Popup, 6MS, EV 72.5 MPH)
|
|
Batting: SHB Al Newman
|
0-0: Fly out, F6 (Popup, 6, EV 60.0 MPH)
|
| Bottom of the 3rd over - 0 runs, 0 hits, 0 errors, 0 left on base; Albuquerque 0 - Amarillo 0 |
| TOP OF THE 4TH |
|
Albuquerque Dukes batting - Pitching for Amarillo Gold Sox : RHP Christopher DiLorenzo
|
|
Batting: LHB Dave Yobs
|
0-0: Ball 1-0: Swinging Strike 1-1: Foul Ball, location: 2F 1-2: Ball 2-2: Ball 3-2: Strikes out looking
|
|
Batting: RHB Mark Maher
|
0-0: Called Strike 0-1: Ground out 4-3 (Groundball, 4S, EV 85.0 MPH)
|
|
Batting: LHB Andres Romero
|
0-0: Ball 1-0: Ball 2-0: Foul Ball, location: 2F 2-1: Foul Ball, location: 2F 2-2: Foul Ball, location: 2F 2-2: Fly out, F8 (Flyball, 8RD, EV 93.8 MPH)
|
| Top of the 4th over - 0 runs, 0 hits, 0 errors, 0 left on base; Albuquerque 0 - Amarillo 0 |
| BOTTOM OF THE 4TH |
|
Amarillo Gold Sox batting - Pitching for Albuquerque Dukes : RHP Peter Chapin
|
|
Batting: LHB Louie Meadows
|
0-0: Called Strike 0-1: Ball 1-1: Called Strike 1-2: Ball 2-2: Ball 3-2: Base on Balls
|
|
Batting: RHB Bill Pecota
|
0-0: Ball 1-0: Ball 2-0: Called Strike Louie Meadows is caught stealing 2nd base 2-4 2-1: Ground out 5-3 (Groundball, 56S, EV 85.6 MPH)
|
|
Batting: SHB Steve Jeltz
|
0-0: Ball 1-0: Ball 2-0: Ball 3-0: Called Strike 3-1: Fly out, F8 (Flyball, 89D, EV 78.8 MPH)
|
| Bottom of the 4th over - 0 runs, 0 hits, 0 errors, 0 left on base; Albuquerque 0 - Amarillo 0 |
| TOP OF THE 5TH |
|
Albuquerque Dukes batting - Pitching for Amarillo Gold Sox : RHP Christopher DiLorenzo
|
|
Batting: LHB Matthew Henderson
|
0-0: Called Strike 0-1: Ground out 1-3 (Groundball, 13S, EV 71.3 MPH)
|
|
Batting: RHB Kevin Harvey
|
0-0: Called Strike 0-1: Foul Ball, location: 2F 0-2: Ball 1-2: Ball 2-2: Ground out 6-3 (Groundball, 6, EV 85.6 MPH)
|
|
Batting: LHB Sal Rende
|
0-0: Ball 1-0: Ball 2-0: Swinging Strike 2-1: Called Strike 2-2: Fly out, F4 (Popup, 34, EV 61.3 MPH)
|
| Top of the 5th over - 0 runs, 0 hits, 0 errors, 0 left on base; Albuquerque 0 - Amarillo 0 |
| BOTTOM OF THE 5TH |
|
Amarillo Gold Sox batting - Pitching for Albuquerque Dukes : RHP Peter Chapin
|
|
Batting: LHB Derwin McNealy
|
0-0: Ball 1-0: Fly out, F7 (Flyball, 7LD, EV 100.0 MPH)
|
|
Batting: LHB Russ Laribee
|
0-0: Foul Ball, location: 2F 0-1: Called Strike 0-2: Ball 1-2: Strikes out swinging
|
|
Batting: RHB Todd Smith
|
0-0: Ball 1-0: Foul Ball, location: 2F 1-1: Ball 2-1: Ball 3-1: Fly out, F2 (Popup, 23F, EV 80.6 MPH)
|
| Bottom of the 5th over - 0 runs, 0 hits, 0 errors, 0 left on base; Albuquerque 0 - Amarillo 0 |
| TOP OF THE 6TH |
|
Albuquerque Dukes batting - Pitching for Amarillo Gold Sox : RHP Christopher DiLorenzo
|
|
Batting: RHB Jack Lopez
|
0-0: Ball 1-0: Ground out 1-3 (Groundball, 15, EV 64.4 MPH)
|
|
Batting: LHB John Elder
|
0-0: Ball 1-0: Foul Ball, location: 2F 1-1: Swinging Strike 1-2: Ground out 6-3 (Groundball, 4M, EV 108.1 MPH)
|
|
Batting: RHB James Oros
|
0-0: Called Strike 0-1: Swinging Strike 0-2: Ball 1-2: Ball 2-2: Foul Ball, location: 2F 2-2: Foul Ball, location: 2F 2-2: Ball 3-2: Foul Ball, location: 2F 3-2: Base on Balls
|
|
Batting: LHB Dave Yobs
|
0-0: Swinging Strike 0-1: DOUBLE (Line Drive, 78D, EV 102.5 MPH) James Oros to third
|
|
Batting: RHB Mark Maher
|
0-0: Ball 1-0: Called Strike 1-1: Called Strike 1-2: Foul Ball, location: 2F 1-2: Fly out, F8 (Line Drive, 8LD, EV 90.0 MPH)
|
| Top of the 6th over - 0 runs, 1 hit, 0 errors, 2 left on base; Albuquerque 0 - Amarillo 0 |
| BOTTOM OF THE 6TH |
|
Amarillo Gold Sox batting - Pitching for Albuquerque Dukes : RHP Peter Chapin
|
|
Batting: SHB Mike Felder
|
0-0: Ball 1-0: Fly out, F8 (Flyball, 78D, EV 87.5 MPH)
|
|
Batting: LHB Hector Arroyo
|
0-0: Called Strike 0-1: Foul Ball, location: 2F 0-2: Ball 1-2: Ball 2-2: Strikes out swinging
|
|
Batting: SHB Al Newman
|
0-0: Foul Ball, location: 2F 0-1: Ball 1-1: Fly out, F7 (Flyball, 7D, EV 83.1 MPH)
|
| Bottom of the 6th over - 0 runs, 0 hits, 0 errors, 0 left on base; Albuquerque 0 - Amarillo 0 |
| TOP OF THE 7TH |
|
Albuquerque Dukes batting - Pitching for Amarillo Gold Sox : RHP Christopher DiLorenzo
|
|
Pitching: RHP Luis Peralta
|
|
|
Batting: LHB Andres Romero
|
0-0: Called Strike 0-1: Ball 1-1: Called Strike 1-2: Ball 2-2: Ground out 3-1 (Groundball, 34, EV 106.9 MPH)
|
|
Batting: LHB Matthew Henderson
|
0-0: Called Strike 0-1: Ball 1-1: Called Strike 1-2: Ball 2-2: Ball 3-2: Base on Balls
|
|
Batting: RHB Kevin Harvey
|
0-0: Called Strike 0-1: Swinging Strike 0-2: Ball 1-2: Ball 2-2: Grounds into double play, 4-6-3 (Groundball, 4, EV 95.0 MPH)
|
| Top of the 7th over - 0 runs, 0 hits, 0 errors, 0 left on base; Albuquerque 0 - Amarillo 0 |
| BOTTOM OF THE 7TH |
|
Amarillo Gold Sox batting - Pitching for Albuquerque Dukes : RHP Peter Chapin
|
|
Batting: LHB Louie Meadows
|
0-0: Ball 1-0: Called Strike 1-1: Called Strike 1-2: Ball 2-2: SINGLE (Groundball, 4MD, EV 103.1 MPH)
|
|
Batting: RHB Bill Pecota
|
0-0: Ball 1-0: Ball 2-0: Ball 3-0: Called Strike 3-1: Foul Ball, location: 2F 3-2: Fielders Choice at 2nd, 4-6 (Groundball, 4M, EV 83.1 MPH)
|
|
Batting: SHB Steve Jeltz
|
0-0: Ball 1-0: Swinging Strike 1-1: Ball 2-1: Fly out, F7 (Flyball, 7S, EV 95.0 MPH)
|
|
Batting: LHB Derwin McNealy
|
0-0: Ball 1-0: Called Strike 1-1: Called Strike 1-2: Ground out 4-3 (Groundball, 34S, EV 90.6 MPH)
|
| Bottom of the 7th over - 0 runs, 1 hit, 0 errors, 1 left on base; Albuquerque 0 - Amarillo 0 |
| TOP OF THE 8TH |
|
Albuquerque Dukes batting - Pitching for Amarillo Gold Sox : RHP Luis Peralta
|
|
Batting: LHB Sal Rende
|
0-0: Called Strike 0-1: Ball 1-1: Called Strike 1-2: Ball 2-2: Foul Ball, location: 2F 2-2: Strikes out looking
|
|
Batting: RHB Jack Lopez
|
0-0: Swinging Strike 0-1: Called Strike 0-2: Ball 1-2: Ball 2-2: Ball 3-2: Base on Balls
|
|
Batting: LHB John Elder
|
0-0: Ball 1-0: Ball 2-0: Called Strike 2-1: Swinging Strike 2-2: Strikes out swinging
|
|
Pitching: RHP Joel Finch
|
|
|
Batting: RHB James Oros
|
0-0: Called Strike 0-1: Ball Jack Lopez steals 2nd base 1-1: Ball 2-1: Fly out, F3 (Flyball, 34D, EV 88.8 MPH)
|
| Top of the 8th over - 0 runs, 0 hits, 0 errors, 1 left on base; Albuquerque 0 - Amarillo 0 |
| BOTTOM OF THE 8TH |
|
Amarillo Gold Sox batting - Pitching for Albuquerque Dukes : RHP Peter Chapin
|
|
Batting: LHB Russ Laribee
|
0-0: Foul Ball, location: 2F 0-1: Ball 1-1: Called Strike 1-2: Ball 2-2: Fly out, F8 (Flyball, 8LD, EV 83.1 MPH)
|
|
Batting: RHB Todd Smith
|
0-0: Ball 1-0: Ball 2-0: Ball 3-0: Called Strike 3-1: Foul Ball, location: 2F 3-2: Foul Ball, location: 2F 3-2: Ground out U3 (Groundball, 34, EV 88.8 MPH)
|
|
Batting: SHB Mike Felder
|
0-0: Called Strike 0-1: Ball 1-1: Foul Ball, location: 2F 1-2: Strikes out swinging
|
| Bottom of the 8th over - 0 runs, 0 hits, 0 errors, 0 left on base; Albuquerque 0 - Amarillo 0 |
| TOP OF THE 9TH |
|
Albuquerque Dukes batting - Pitching for Amarillo Gold Sox : RHP Joel Finch
|
|
Pitching: RHP Bob Tewksbury
|
|
|
Batting: LHB Dave Yobs
|
0-0: Ball 1-0: Ground out 5-3 (Groundball, 56, EV 101.3 MPH)
|
|
Batting: RHB Mark Maher
|
0-0: Ground out 5-3 (Groundball, 56S, EV 81.3 MPH)
|
|
Batting: LHB Andres Romero
|
0-0: Ball 1-0: Fly out, F9 (Flyball, 89S, EV 87.5 MPH)
|
| Top of the 9th over - 0 runs, 0 hits, 0 errors, 0 left on base; Albuquerque 0 - Amarillo 0 |
| BOTTOM OF THE 9TH |
|
Amarillo Gold Sox batting - Pitching for Albuquerque Dukes : RHP Peter Chapin
|
|
Batting: LHB Hector Arroyo
|
0-0: Ball 1-0: Ball 2-0: Foul Ball, location: 2F 2-1: Foul Ball, location: 2F 2-2: Ball 3-2: Strikes out swinging
|
|
Batting: SHB Al Newman
|
0-0: Ball 1-0: Ground out 3-1 (Groundball, 34D, EV 83.8 MPH)
|
|
Batting: LHB Louie Meadows
|
0-0: Ball 1-0: Called Strike 1-1: Ball 2-1: Ball 3-1: Base on Balls
|
|
Batting: RHB Bill Pecota
|
0-0: Ball Louie Meadows steals 2nd base 1-0: Swinging Strike 1-1: Swinging Strike 1-2: Ball Wild Pitch! Louie Meadows to third 2-2: Foul Ball, location: 2F 2-2: Foul Ball, location: 2F 2-2: Fly out, F8 (Flyball, 8RM, EV 91.3 MPH)
|
| Bottom of the 9th over - 0 runs, 0 hits, 0 errors, 1 left on base; Albuquerque 0 - Amarillo 0 |
| TOP OF THE 10TH |
|
Albuquerque Dukes batting - Pitching for Amarillo Gold Sox : RHP Bob Tewksbury
|
|
Batting: LHB Matthew Henderson
|
0-0: Called Strike 0-1: Foul Ball, location: 2F 0-2: Ball 1-2: Ball 2-2: Ground out 6-3 (Groundball, 6, EV 88.8 MPH)
|
|
Pinch Hitting: LHB Elwood Holland
|
0-0: Reached on error, E4 (Groundball, 4, EV 106.9 MPH)
|
|
Batting: LHB Sal Rende
|
0-0: Ball Passed Ball! Elwood Holland to second 1-0: Called Strike 1-1: Ball 2-1: Ground out 4-3 (Groundball, 4, EV 86.3 MPH) Elwood Holland to third
|
|
Batting: RHB Jack Lopez
|
0-0: Ball 1-0: Ball 2-0: Ground out 6-3 (Groundball, 6, EV 90.6 MPH)
|
| Top of the 10th over - 0 runs, 0 hits, 1 error, 1 left on base; Albuquerque 0 - Amarillo 0 |
| BOTTOM OF THE 10TH |
|
Amarillo Gold Sox batting - Pitching for Albuquerque Dukes : RHP Peter Chapin
|
|
Now at SS: Jim Smith
|
|
|
Batting: SHB Steve Jeltz
|
0-0: Ball 1-0: Fly out, F2 (Popup, 23F, EV 83.1 MPH)
|
|
Batting: LHB Derwin McNealy
|
0-0: SINGLE (Line Drive, 8LS, EV 110.0 MPH)
|
|
Batting: LHB Russ Laribee
|
0-0: Called Strike 0-1: Ball 1-1: Called Strike Derwin McNealy steals 2nd base 1-2: Ball 2-2: DOUBLE (Groundball, 5L, EV 96.9 MPH) Derwin McNealy scores
|
| Bottom of the 10th over - 1 run, 2 hits, 0 errors, 0 left on base; Albuquerque 0 - Amarillo 1 |
|